 Dungeon Crawl Stone Soup version 0.28.0-45-g0d030f2227 (webtiles) character file.

Game seed: 2174776228757527965

240 Ablot the Grasshopper (level 6, -5/50 HPs)
             Began as a Gnoll Warper on Apr 8, 2022.
             Slain by a mummy (17 damage)
             ... in an ossuary.
             The game lasted 00:03:42 (4634 turns).

Ablot the Grasshopper (Gnoll Warper)                Turns: 4634, Time: 00:03:43

Health: -5/50      AC:  3    Str: 12    XL:     6   Next: 8%
Magic:  13/13      EV: 13    Int: 12    God:
Gold:   178        SH:  0    Dex: 12    Spells: 13/15 levels left

rFire   + . .      SeeInvis .   m - staff of fire
rCold   . . .      Faith    .   (no shield)
rNeg    . . .      Spirit   .   b - +0 leather armour
rPois   .          Reflect  .   (no helmet)
rElec   .          Harm     .   (no cloak)
rCorr   .          Rampage  .   (no gloves)
Will    .....                   (no boots)
Stlth   ++........              (no amulet)
HPRegen 0.16/turn               (no ring)
MPRegen 0.13/turn               (no ring)

@: no status effects
A: fangs 1, strong nose, distributed training
a: no special abilities


You were in an ossuary.
You visited 1 branch of the dungeon, and saw 4 of its levels.
You also visited: Ossuary.

You collected 178 gold pieces.

Inventory:

Hand Weapons
 a - a +0 spear
 d - a +0 dagger of venom
Missiles
 e - 156 stones
 f - 7 boomerangs of dispersal
 i - 48 arrows
 k - 26 sling bullets
 p - 2 boomerangs
 q - 4 poisoned darts (quivered)
Armour
 b - a +0 leather armour (worn)
Magical Staves
 j - a staff of poison
 m - a staff of fire (weapon)
Wands
 s - a wand of acid (13)
Scrolls
 c - a scroll of blinking
 g - 2 scrolls of vulnerability {unknown}
 h - 2 scrolls of enchant armour {unknown}
 l - 3 scrolls of identify {unknown}
 r - a scroll of fear {unknown}
Potions
 n - a potion of might {unknown}
 o - a potion of brilliance {unknown}


   Skills:
 + Level 4.9 Fighting
 + Level 1.8 Short Blades
 + Level 1.8 Long Blades
 + Level 1.8 Axes
 + Level 1.8 Maces & Flails
 + Level 4.9 Polearms
 + Level 1.8 Staves
 + Level 1.8 Slings
 + Level 1.8 Bows
 + Level 1.8 Crossbows
 + Level 3.1 Throwing
 + Level 3.1 Armour
 + Level 4.9 Dodging
 + Level 1.8 Stealth
 + Level 1.8 Shields
 + Level 1.8 Unarmed Combat
 + Level 5.3 Spellcasting
 + Level 1.4 Conjurations
 + Level 1.4 Hexes
 + Level 1.4 Summonings
 + Level 1.4 Necromancy
 + Level 5.6 Translocations
 + Level 1.4 Transmutations
 + Level 1.4 Fire Magic
 + Level 1.4 Ice Magic
 + Level 1.4 Air Magic
 + Level 1.4 Earth Magic
 + Level 1.4 Poison Magic
 + Level 2.0 Invocations
 + Level 1.8 Evocations


You had 13 spell levels left.
You knew the following spells:

 Your Spells              Type           Power      Damage    Failure   Level
a - Blink                 Tloc           32%        N/A       3%          2

Your spell library contained the following spells:

 Spells                   Type           Power      Damage    Failure   Level
 Gell's Gravitas          Tloc           16%        N/A       8%          3
 Lesser Beckoning         Tloc           16%        N/A       8%          3
 Teleport Other           Tloc           16%        N/A       8%          3
 Manifold Assault         Tloc           16%        N/A       56%         5


Dungeon Overview and Level Annotations

Branches:
Dungeon (4/15)            Ossuary (1/1)
 Temple: D:4-7

Altars:


Innate Abilities, Weirdness & Mutations

You have very sharp teeth.
Your uncanny sense of smell can sniff out nearby items.
Your experience applies equally to all skills.


Message History

You hit the mummy.
The mummy is severely damaged.
You hit the mummy. Your punch misses the mummy.
The mummy is almost destroyed.
The mummy hits you.
You hit the mummy but do no damage.
The mummy is severely damaged.
The mummy barely misses you.
You hit the mummy.
You destroy the mummy!
Unknown command.
You start resting.
HP restored.
A mummy comes into view.
The mummy closely misses you.
You hit the mummy but do no damage. The mummy closely misses you.
You hit the mummy.
The mummy is lightly damaged.
You barely miss the mummy. Your bite misses the mummy.
The mummy is lightly damaged.
The mummy hits you.
You hit the mummy. You bite the mummy, but do no damage.
The mummy is moderately damaged.
The mummy hits you!
You barely miss the mummy.
The mummy is moderately damaged.
You hit the mummy but do no damage.
The mummy is moderately damaged.
The mummy hits you.
You hit the mummy.
The mummy is heavily damaged.
The mummy hits you!
* * * LOW HITPOINT WARNING * * *
You hit the mummy but do no damage. You burn the mummy.
You bite the mummy, but do no damage.
The mummy is heavily damaged.
You hit the mummy but do no damage. Your bite misses the mummy.
The mummy is heavily damaged.
The mummy hits you!
You die...

#..#
#..#
+..#
#..#
#..#
#..#
+.M#
#.@#
#..#
#..#
+..#
#..#
#..#
#..#
+..#
#..#


You could see a mummy.

Vanquished Creatures
  An orc priest (D:3)
  3 orc wizards (D:3)
  2 mummies
  3 adders
  2 worms
  13 orcs (D:3)
  6 ball pythons
  4 endoplasms
  4 giant cockroaches
  5 goblins
  4 hobgoblins
  A jackal (D:2)
  3 kobolds (D:1)
  3 quokkas
  6 bats
  3 frilled lizards
  3 rats
66 creatures vanquished.

Notes
Turn   | Place    | Note
-------+----------+-------------------------------------------
     0 | D:1      | Ablot the Gnoll Warper began the quest for the Orb.
     0 | D:1      | Reached XP level 1. HP: 20/20 MP: 6/6
   577 | D:1      | Reached XP level 2. HP: 26/26 MP: 7/7
   583 | D:1      | Learned a level 2 spell: Blink
  1323 | D:2      | Found a faded altar of an unknown god.
  1449 | D:2      | Reached XP level 3. HP: 24/31 MP: 9/9
  1460 | D:2      | Reached skill level 5 in Spellcasting
  1898 | D:2      | Reached skill level 1 in Invocations
  2131 | D:2      | Reached skill level 1 in Short Blades
  2131 | D:2      | Reached skill level 1 in Long Blades
  2131 | D:2      | Reached skill level 1 in Axes
  2131 | D:2      | Reached skill level 1 in Maces & Flails
  2131 | D:2      | Reached skill level 1 in Staves
  2131 | D:2      | Reached skill level 1 in Slings
  2131 | D:2      | Reached skill level 1 in Bows
  2131 | D:2      | Reached skill level 1 in Crossbows
  2131 | D:2      | Reached skill level 1 in Stealth
  2131 | D:2      | Reached skill level 1 in Shields
  2131 | D:2      | Reached skill level 1 in Unarmed Combat
  2131 | D:2      | Reached skill level 1 in Evocations
  2131 | D:2      | Reached XP level 4. HP: 22/38 MP: 11/11
  2601 | D:3      | Reached skill level 1 in Conjurations
  2601 | D:3      | Reached skill level 1 in Hexes
  2601 | D:3      | Reached skill level 1 in Summonings
  2601 | D:3      | Reached skill level 1 in Necromancy
  2601 | D:3      | Reached skill level 1 in Transmutations
  2601 | D:3      | Reached skill level 1 in Fire Magic
  2601 | D:3      | Reached skill level 1 in Ice Magic
  2601 | D:3      | Reached skill level 1 in Air Magic
  2601 | D:3      | Reached skill level 1 in Earth Magic
  2601 | D:3      | Reached skill level 1 in Poison Magic
  2895 | D:3      | Reached XP level 5. HP: 43/43 MP: 12/12
  4304 | D:4      | Found a sand-covered staircase.
  4318 | D:4      | Reached XP level 6. HP: 38/50 MP: 13/13
  4342 | Ossuary  | Entered an ossuary
  4634 | Ossuary  | Slain by a mummy

Illustrated notes

Levels and vault maps discovered:
D:1:      amcnicky_arrival_double_pillar, layout_basic, minivault_19,
          hangedman_abyss_or_decor_lesser_grid
D:2:      layout_basic, dreamdust_ecumenical_altar_statues, minmay_pentomino_o4
D:3:      layout_loops_ring
D:4:      layout_basic, general_overflow_altar, gup_ossuary_entry_pyramid,
          uniq_robin, uniq_eustachio, uniq_crazy_yiuf_cottage
Ossuary:  ossuary_boxes_badplayer

Skill      XL: |  1  2  3  4  5 |
---------------+----------------+-----
Spellcasting   | 5 |  5.3
Invocations    | 1 2 |  2.0
Short Blades   | 1 |  1.8
Long Blades    | 1 |  1.8
Axes           | 1 |  1.8
Maces & Flails | 1 |  1.8
Staves         | 1 |  1.8
Slings         | 1 |  1.8
Bows           | 1 |  1.8
Crossbows      | 1 |  1.8
Stealth        | 1 |  1.8
Shields        | 1 |  1.8
Unarmed Combat | 1 |  1.8
Evocations     | 1 |  1.8
Conjurations   | 1 |  1.4
Hexes          | 1 |  1.4
Summonings     | 1 |  1.4
Necromancy     | 1 |  1.4
Transmutations | 1 |  1.4
Fire Magic     | 1 |  1.4
Ice Magic      | 1 |  1.4
Air Magic      | 1 |  1.4
Earth Magic    | 1 |  1.4
Poison Magic   | 1 |  1.4
Throwing       | 3 |  3.1
Armour         | 3 |  3.1
Fighting       | |  4.9
Polearms       | |  4.9
Dodging        | |  4.9
Translocations | |  5.6

Action                   |  1- 3 |  4- 6 || total
-------------------------+-------+-------++-------
Melee: Dagger            |    96 |   115 ||   211
       Spear             |     7 |    17 ||    24
       Bite              |     9 |    21 ||    30
       Punch             |     2 |     4 ||     6
       Staff             |       |    17 ||    17
Throw: Dart              |       |     1 ||     1
  Use: Potion            |     1 |       ||     1
 Stab: Sleeping          |       |     2 ||     2
       Distracted        |       |     3 ||     3
Armor: Leather armour    |    18 |    19 ||    37
Dodge: Dodged            |    65 |    66 ||   131
